 Dungeon Crawl Stone Soup version 0.26-a0-844-g3dd439832f (webtiles) character file.

Game seed: 14762878508795475486

124 robertstho the Conjurer (level 5, 0/37 HPs)
             Began as a Gnoll Conjurer on Nov 18, 2020.
             Slain by a goblin (3 damage)
             ... on level 3 of the Dungeon.
             The game lasted 00:05:24 (2420 turns).

robertstho the Conjurer (Gnoll Conjurer)            Turns: 2420, Time: 00:05:25

Health: 0/37       AC:  2    Str:  9    XL:     5   Next: 8%
Magic:  4/12       EV: 14    Int: 22    God:
Gold:   108        SH:  0    Dex: 13    Spells: 4/14 levels left

rFire    + . .     SeeInvis .   h - +0 dagger
rCold    + . .     Faith    .   (no shield)
rNeg     . . .     Spirit   .   a - +0 robe
rPois    +         Reflect  .   (no helmet)
rElec    +         Harm     .   n - scarf {repulsion}
rCorr    +         Rampage  .   (no gloves)
MR       .....     Rnd*Tele +   (no boots)
Stlth    +++.......             (no amulet)
HPRegen  0.12/turn              m - ring of teleportation (curse)
MPRegen  0.13/turn              o - ring of resist corrosion

@: lethally poisoned (0 -> -2), resistant, repel missiles
A: distributed training, fangs 1, strong nose
a: no special abilities


You were on level 3 of the Dungeon.
You visited 1 branch of the dungeon, and saw 3 of its levels.

You collected 108 gold pieces.

Inventory:

Hand Weapons
 h - a +0 dagger (weapon)
Missiles
 i - a throwing net (quivered)
 j - 19 poisoned darts
Armour
 a - a +0 robe (worn)
 n - a scarf of repulsion (worn)
Jewellery
 m - a cursed ring of teleportation (left hand)
 o - a ring of resist corrosion (right hand)
Scrolls
 b - 5 scrolls of teleportation {unknown}
 d - 4 scrolls of identify {unknown}
 e - a scroll of enchant weapon {unknown}
 p - a scroll of immolation {unknown}
Potions
 c - 2 potions of resistance
 f - a potion of heal wounds {unknown}
 g - a potion of attraction {unknown}
 k - a potion of magic {unknown}
 l - 2 potions of curing {unknown}


   Skills:
 + Level 1.3 Fighting
 + Level 1.3 Short Blades
 + Level 1.3 Long Blades
 + Level 1.3 Axes
 + Level 1.3 Maces & Flails
 + Level 1.3 Polearms
 + Level 1.3 Staves
 + Level 1.3 Slings
 + Level 1.3 Bows
 + Level 1.3 Crossbows
 + Level 1.3 Throwing
 + Level 1.3 Armour
 + Level 4.7 Dodging
 + Level 4.3 Stealth
 + Level 1.3 Shields
 + Level 1.3 Unarmed Combat
 + Level 5.1 Spellcasting
 + Level 7.1 Conjurations
 + Level 1.1 Hexes
 + Level 1.1 Summonings
 + Level 1.1 Necromancy
 + Level 1.1 Translocations
 + Level 1.1 Transmutations
 + Level 1.1 Fire Magic
 + Level 1.1 Ice Magic
 + Level 1.1 Air Magic
 + Level 1.1 Earth Magic
 + Level 1.1 Poison Magic
 + Level 1.5 Invocations
 + Level 1.3 Evocations


You had 4 spell levels left.
You knew the following spells:

 Your Spells              Type           Power        Failure   Level
a - Magic Dart            Conj           ####         1%          1
b - Searing Ray           Conj           #####.       1%          2
c - Dazzling Flash        Conj/Hex       ###...       5%          3
d - Fulminant Prism       Conj/Hex       ###.......   19%         4

Your spell library contained the following spells:

 Spells                   Type           Power        Failure   Level
 Iskenderun's Mystic Bla  Conj/Tloc      ###.....     19%         4


Dungeon Overview and Level Annotations

Branches:
Dungeon (3/15)

Altars:
Xom
Yredelemnul


Innate Abilities, Weirdness & Mutations

Your experience applies equally to all skills.
You have very sharp teeth.
Your uncanny sense of smell can sniff out nearby items.


Message History

Confirm with . or Enter, or press ? or * to list all spells.
The leopard gecko is dazzled.
The adder completely misses you. The leopard gecko barely misses you.
The goblin closely misses you. The adder bites you.
You are poisoned.
The adder poisons you!
Unknown command.
It was a potion of resistance.
You feel protected.
You feel sick. The leopard gecko barely misses you. The goblin hits you.
The adder bites you. The goblin hits you but does no damage.
The leopard gecko misses you. The kobold completely misses you.
You feel sick. The adder bites you.
* * * LOW HITPOINT WARNING * * *
The goblin closely misses you. The adder bites you.
* * * LOW HITPOINT WARNING * * *
Found a stone staircase leading down.
You feel sick. The goblin hits you.
You die...

..# ###+###..#
........#
....... .....
... #'# #
#######@##.#
#..(.KgS...#
#.....l....#
#..(.......#
#..........#
..<...........#
........####'#.#
........# .#.#
........# ...#


You could see an adder, a leopard gecko (wandering, blind), a goblin and a
kobold.

Vanquished Creatures
  An orc priest (D:3)
  2 adders (D:2)
  An ooze (D:2)
  3 dart slugs (D:2)
  4 orcs (D:3)
  8 bats
  3 giant cockroaches
  8 hobgoblins
  5 jackals (D:1)
  A quokka (D:2)
  A frilled lizard (D:1)
  4 goblins
  11 kobolds
  8 rats
60 creatures vanquished.

Notes
Turn   | Place    | Note
-------+----------+-------------------------------------------
     0 | D:1      | robertstho the Gnoll Conjurer began the quest for the Orb.
     0 | D:1      | Reached XP level 1. HP: 13/13 MP: 6/6
   301 | D:1      | Reached XP level 2. HP: 19/19 MP: 3/7
   582 | D:1      | Learned a level 2 spell: Searing Ray
   656 | D:1      | Reached XP level 3. HP: 25/25 MP: 1/9
   791 | D:1      | Reached skill level 5 in Spellcasting
   923 | D:2      | Found a shimmering altar of Xom.
   932 | D:2      | Reached skill level 1 in Invocations
  1207 | D:2      | Found a basalt altar of Yredelemnul.
  1257 | D:2      | Reached skill level 1 in Fighting
  1257 | D:2      | Reached skill level 1 in Short Blades
  1257 | D:2      | Reached skill level 1 in Long Blades
  1257 | D:2      | Reached skill level 1 in Axes
  1257 | D:2      | Reached skill level 1 in Maces & Flails
  1257 | D:2      | Reached skill level 1 in Polearms
  1257 | D:2      | Reached skill level 1 in Staves
  1257 | D:2      | Reached skill level 1 in Slings
  1257 | D:2      | Reached skill level 1 in Bows
  1257 | D:2      | Reached skill level 1 in Crossbows
  1257 | D:2      | Reached skill level 1 in Throwing
  1257 | D:2      | Reached skill level 1 in Armour
  1257 | D:2      | Reached skill level 1 in Shields
  1257 | D:2      | Reached skill level 1 in Unarmed Combat
  1257 | D:2      | Reached skill level 1 in Evocations
  1313 | D:2      | Found a faded altar of an unknown god.
  1375 | D:2      | Reached XP level 4. HP: 32/32 MP: 8/11
  1432 | D:2      | Learned a level 3 spell: Dazzling Flash
  1437 | D:2      | Learned a level 4 spell: Fulminant Prism
  2275 | D:3      | Reached skill level 1 in Hexes
  2275 | D:3      | Reached skill level 1 in Summonings
  2275 | D:3      | Reached skill level 1 in Necromancy
  2275 | D:3      | Reached skill level 1 in Translocations
  2275 | D:3      | Reached skill level 1 in Transmutations
  2275 | D:3      | Reached skill level 1 in Fire Magic
  2275 | D:3      | Reached skill level 1 in Ice Magic
  2275 | D:3      | Reached skill level 1 in Air Magic
  2275 | D:3      | Reached skill level 1 in Earth Magic
  2275 | D:3      | Reached skill level 1 in Poison Magic
  2288 | D:3      | Reached XP level 5. HP: 16/37 MP: 0/12
  2420 | D:3      | Slain by a goblin

Illustrated notes

Levels and vault maps discovered:
D:1:      dpeg_arrival_round_b, layout_basic
D:2:      layout_basic, yredelemnul_altar_generic,
          chequers_ecumenical_altar_simple, minivault_19, xom_teletrap_fun
D:3:      layout_basic, good_gods_temple_1

Skill      XL: |  1  2  3  4 |
---------------+-------------+-----
Spellcasting   | 5 |  5.1
Invocations    | 1 |  1.5
Fighting       | 1 |  1.3
Short Blades   | 1 |  1.3
Long Blades    | 1 |  1.3
Axes           | 1 |  1.3
Maces & Flails | 1 |  1.3
Polearms       | 1 |  1.3
Staves         | 1 |  1.3
Slings         | 1 |  1.3
Bows           | 1 |  1.3
Crossbows      | 1 |  1.3
Throwing       | 1 |  1.3
Armour         | 1 |  1.3
Shields        | 1 |  1.3
Unarmed Combat | 1 |  1.3
Evocations     | 1 |  1.3
Hexes          | 1 |  1.1
Summonings     | 1 |  1.1
Necromancy     | 1 |  1.1
Translocations | 1 |  1.1
Transmutations | 1 |  1.1
Fire Magic     | 1 |  1.1
Ice Magic      | 1 |  1.1
Air Magic      | 1 |  1.1
Earth Magic    | 1 |  1.1
Poison Magic   | 1 |  1.1
Dodging        | |  4.7
Stealth        | |  4.3
Conjurations   | |  7.1

Action                   |  1- 3 |  4- 6 || total
-------------------------+-------+-------++-------
Melee: Unarmed           |     7 |       ||     7
       Dagger            |       |    17 ||    17
 Cast: Magic Dart        |    40 |     5 ||    45
       Searing Ray       |    11 |    14 ||    25
       Dazzling Flash    |       |     4 ||     4
  Use: Potion            |       |     1 ||     1
 Stab: Distracted        |       |     1 ||     1
       Invisible         |       |     1 ||     1
       Sleeping          |       |     1 ||     1
Armor: Robe              |     3 |     2 ||     5
Dodge: Dodged            |    10 |    27 ||    37
       Repelled          |       |     1 ||     1

Table legend: (Time is in decaauts)
 A = Elapsed time spent in this place.
 B = Non-inter-level travel time spent in this place.
 C = Inter-level travel time spent in this place.
 D = Time resting spent in this place.
 E = Time spent auto-exploring this place.
 F = Levels seen in this place.
 G = Mean time per level.
                   A        B        C        D        E       F      G
               +--------+--------+--------+--------+--------+-----+--------+
         Total |   2418 |   2383 |     35 |    182 |   1851 |   3 |  806.0 |
       Dungeon |   2418 |   2383 |     35 |    182 |   1851 |   3 |  806.0 |
               +--------+--------+--------+--------+--------+-----+--------+

Top non-repeatable levels by time:
     D:2: 1087 daAuts
     D:1: 973 daAuts
     D:3: 357 daAuts
